TOP OF THE 1ST |
---|
Temiskaming District Secondary School Saints batting - Pitching for Indianapolis HS Rifles : RHP Paul Smith | Pitching: RHP Paul Smith | | Batting: RHB José Icaza | 0-0: Ball 1-0: Called Strike 1-1: Foul Ball, location: 2F 1-2: Foul Ball, location: 2F 1-2: Foul Ball, location: 2F 1-2: Foul Ball, location: 2F 1-2: Foul Ball, location: 2F 1-2: SINGLE (Line Drive, 6MD) | Batting: LHB Juan Esparza | 0-0: Ball 1-0: Ball 2-0: Called Strike 2-1: Foul Ball, location: 2F 2-2: SINGLE (Groundball, 34D) José Icaza to second Runner from 2nd tries for 3rd, SAFE, throw made to third | Batting: RHB Hilton Knowles | 0-0: Ball 1-0: Ball 2-0: Fielders Choice at 2nd, 4-6 (Groundball, 4) José Icaza scores | Batting: LHB Leonardo Torres | 0-0: Ball 1-0: Called Strike Hilton Knowles is caught stealing 2nd base 1-1: SINGLE (Flyball, 78S) | Batting: RHB Ramón Cabrera | 0-0: Called Strike 0-1: Called Strike 0-2: Ball 1-2: Ball 2-2: Foul Ball, location: 2F 2-2: Strikes out swinging | Top of the 1st over - 1 run, 3 hits, 0 errors, 1 left on base; Temiskaming District Secondary School 1 - Indianapolis HS 0 | BOTTOM OF THE 1ST |
---|
Indianapolis HS Rifles batting - Pitching for Temiskaming District Secondary School Saints : RHP Porter Fleming | Pitching: RHP Porter Fleming | | Batting: RHB Fook Hann | 0-0: Called Strike 0-1: Ball 1-1: Foul Ball, location: 2F 1-2: Ball 2-2: Ball 3-2: TRIPLE (Flyball, 89XD) | Batting: RHB Lorenzo Camacho | 0-0: Swinging Strike 0-1: Fly out, F7 (Flyball, 7) Runner from 3rd tags up, SCORES, throw made | Batting: LHB Henry Fairchild | 0-0: Ball 1-0: SINGLE (Line Drive, 8LS) | Batting: RHB Juan Valdéz | 0-0: Ball 1-0: Ball 2-0: Foul Ball, location: 2F 2-1: Ball 3-1: Foul Ball, location: 2F 3-2: Foul Ball, location: 2F 3-2: Fly out, F9 (Flyball, 9S) | Batting: RHB Jason Tomlin | 0-0: Ball Wild Pitch! Henry Fairchild to second 1-0: SINGLE (Groundball, 6MD) Henry Fairchild to third Runner from 3rd tries for Home, SAFE, throw made home | Batting: RHB Dale Messer | 0-0: Called Strike 0-1: Foul Ball, location: 2F 0-2: Ball 1-2: Foul Ball, location: 2F 1-2: Fielders Choice at 2nd, 6-4 (Groundball, 6) | Bottom of the 1st over - 2 runs, 3 hits, 0 errors, 1 left on base; Temiskaming District Secondary School 1 - Indianapolis HS 2 | TOP OF THE 2ND |
---|
Temiskaming District Secondary School Saints batting - Pitching for Indianapolis HS Rifles : RHP Paul Smith | Batting: RHB Louis-Joseph Perrier | 0-0: Ball 1-0: Called Strike 1-1: Foul Ball, location: 2F 1-2: Ball 2-2: Strikes out swinging | Batting: RHB Scott Roberts | 0-0: Fly out, F4 (Line Drive, 4M) | Batting: LHB Kevin McGee | 0-0: Called Strike 0-1: Ball 1-1: Foul Ball, location: 2F 1-2: Ball 2-2: Ball 3-2: Fly out, F6 (Popup, 6M) | Top of the 2nd over - 0 runs, 0 hits, 0 errors, 0 left on base; Temiskaming District Secondary School 1 - Indianapolis HS 2 | BOTTOM OF THE 2ND |
---|
Indianapolis HS Rifles batting - Pitching for Temiskaming District Secondary School Saints : RHP Porter Fleming | Batting: RHB Raymond Young | 0-0: Ball 1-0: Ball 2-0: Foul Ball, location: 2F 2-1: Swinging Strike 2-2: SINGLE (Flyball, 89M) | Batting: RHB Wesley Wood | 0-0: Foul Ball, location: 2F 0-1: Ball 1-1: Ball 2-1: Grounds into double play, 6-4-3 (Groundball, 6) | Batting: RHB Paul Webster | 0-0: Called Strike 0-1: Swinging Strike 0-2: Strikes out swinging, 2-3 out at first. | Bottom of the 2nd over - 0 runs, 1 hit, 0 errors, 0 left on base; Temiskaming District Secondary School 1 - Indianapolis HS 2 | TOP OF THE 3RD |
---|
Temiskaming District Secondary School Saints batting - Pitching for Indianapolis HS Rifles : RHP Paul Smith | Batting: RHB Emílio Gómez | 0-0: Ball 1-0: SINGLE (Line Drive, 9S) | Batting: RHB José Icaza | 0-0: Called Strike 0-1: Foul Ball, location: 2F 0-2: Ball 1-2: Ball 2-2: Foul Ball, location: 2F 2-2: Foul Ball, location: 2F 2-2: Strikes out swinging | Batting: LHB Juan Esparza | 0-0: Ball 1-0: Ball 2-0: SINGLE (Line Drive, 8RS) Emílio Gómez to second | Batting: RHB Hilton Knowles | 0-0: Called Strike 0-1: Ball 1-1: Ball 2-1: Ball 3-1: Swinging Strike 3-2: Ground out 6-3 (Groundball, 6S) Emílio Gómez to third Juan Esparza to second | Batting: LHB Leonardo Torres | 0-0: Ball 1-0: Ground out 6-3 (Groundball, 6) | Top of the 3rd over - 0 runs, 2 hits, 0 errors, 2 left on base; Temiskaming District Secondary School 1 - Indianapolis HS 2 | BOTTOM OF THE 3RD |
---|
Indianapolis HS Rifles batting - Pitching for Temiskaming District Secondary School Saints : RHP Porter Fleming | Batting: RHB Fook Hann | 0-0: Called Strike 0-1: Ball 1-1: Swinging Strike 1-2: Strikes out swinging | Batting: RHB Lorenzo Camacho | 0-0: Called Strike 0-1: Foul Ball, location: 2F 0-2: Fly out, F7 (Flyball, 7) | Batting: LHB Henry Fairchild | 0-0: Called Strike 0-1: Ball 1-1: Foul Ball, location: 2F 1-2: Ball 2-2: Strikes out swinging | Bottom of the 3rd over - 0 runs, 0 hits, 0 errors, 0 left on base; Temiskaming District Secondary School 1 - Indianapolis HS 2 | TOP OF THE 4TH |
---|
Temiskaming District Secondary School Saints batting - Pitching for Indianapolis HS Rifles : RHP Paul Smith | Batting: RHB Ramón Cabrera | 0-0: Ball 1-0: Ground out 6-3 (Groundball, 6M) | Batting: RHB Louis-Joseph Perrier | 0-0: Called Strike 0-1: Ball 1-1: Ball 2-1: Swinging Strike 2-2: Strikes out looking | Batting: RHB Scott Roberts | 0-0: Ball 1-0: Ball 2-0: Swinging Strike 2-1: Ball 3-1: Base on Balls | Pitching: RHP Tim Blair | | Batting: LHB Kevin McGee | 0-0: Called Strike 0-1: Called Strike 0-2: Ball 1-2: Strikes out swinging | Top of the 4th over - 0 runs, 0 hits, 0 errors, 1 left on base; Temiskaming District Secondary School 1 - Indianapolis HS 2 | BOTTOM OF THE 4TH |
---|
Indianapolis HS Rifles batting - Pitching for Temiskaming District Secondary School Saints : RHP Porter Fleming | Batting: RHB Juan Valdéz | 0-0: SINGLE (Line Drive, 56) | Batting: RHB Jason Tomlin | 0-0: Foul Ball, location: 2F 0-1: Foul Ball, location: 2F 0-2: Foul Ball, location: 2F 0-2: Grounds into double play, 6-4-3 (Groundball, 6) | Batting: RHB Dale Messer | 0-0: Ball 1-0: Foul Ball, location: 2F 1-1: Called Strike 1-2: Fly out, F8 (Line Drive, 8LD) | Bottom of the 4th over - 0 runs, 1 hit, 0 errors, 0 left on base; Temiskaming District Secondary School 1 - Indianapolis HS 2 | TOP OF THE 5TH |
---|
Temiskaming District Secondary School Saints batting - Pitching for Indianapolis HS Rifles : RHP Tim Blair | Batting: RHB Emílio Gómez | 0-0: Ball 1-0: Ball 2-0: Called Strike 2-1: Ball 3-1: Foul Ball, location: 2F 3-2: Foul Ball, location: 2F 3-2: Base on Balls | Batting: RHB José Icaza | 0-0: Swinging Strike 0-1: Ball 1-1: Foul Ball, location: 2F 1-2: Foul Ball, location: 2F 1-2: Foul Ball, location: 2F 1-2: Grounds into double play, 5-4-3 (Groundball, 5) | Batting: LHB Juan Esparza | 0-0: Called Strike 0-1: Fly out, F8 (Flyball, 8RD) | Top of the 5th over - 0 runs, 0 hits, 0 errors, 0 left on base; Temiskaming District Secondary School 1 - Indianapolis HS 2 | BOTTOM OF THE 5TH |
---|
Indianapolis HS Rifles batting - Pitching for Temiskaming District Secondary School Saints : RHP Porter Fleming | Batting: RHB Raymond Young | 0-0: Ball 1-0: Foul Ball, location: 2F 1-1: Foul Ball, location: 2F 1-2: Fly out, F9 (Flyball, 89S) | Batting: RHB Wesley Wood | 0-0: Called Strike 0-1: Called Strike 0-2: Strikes out swinging | Batting: RHB Paul Webster | 0-0: Ball 1-0: Called Strike 1-1: Ball 2-1: Swinging Strike 2-2: Foul Ball, location: 2F 2-2: Foul Ball, location: 2F 2-2: SINGLE (Line Drive, 9S) | Batting: RHB Fook Hann | 0-0: Called Strike 0-1: Called Strike 0-2: Foul Ball, location: 2F 0-2: Ball 1-2: Foul Ball, location: 2F 1-2: Foul Ball, location: 2F 1-2: Ball 2-2: Fly out, F7 (Flyball, 78D) | Bottom of the 5th over - 0 runs, 1 hit, 0 errors, 1 left on base; Temiskaming District Secondary School 1 - Indianapolis HS 2 | TOP OF THE 6TH |
---|
Temiskaming District Secondary School Saints batting - Pitching for Indianapolis HS Rifles : RHP Tim Blair | Batting: RHB Hilton Knowles | 0-0: Ball 1-0: Foul Ball, location: 2F 1-1: Called Strike 1-2: Ground out U3 (Groundball, 34S) | Batting: LHB Leonardo Torres | 0-0: Fly out, F6 (Popup, 6MD) | Batting: RHB Ramón Cabrera | 0-0: Fly out, F9 (Flyball, 89M) | Top of the 6th over - 0 runs, 0 hits, 0 errors, 0 left on base; Temiskaming District Secondary School 1 - Indianapolis HS 2 | BOTTOM OF THE 6TH |
---|
Indianapolis HS Rifles batting - Pitching for Temiskaming District Secondary School Saints : RHP Porter Fleming | Batting: RHB Lorenzo Camacho | 0-0: Called Strike 0-1: SINGLE (Popup, 23) | Pitching: LHP Guillermo Silva | | Batting: LHB Henry Fairchild | 0-0: Ball 1-0: Called Strike 1-1: SINGLE (Line Drive, 6D) Lorenzo Camacho to second | Batting: RHB Juan Valdéz | 0-0: Foul Ball, location: 2F 0-1: Swinging Strike 0-2: Grounds into double play, 4-6-3 (Groundball, 4) Lorenzo Camacho to third | Batting: RHB Jason Tomlin | 0-0: Swinging Strike 0-1: Ball 1-1: Foul Ball, location: 2F 1-2: Foul Ball, location: 2F 1-2: SINGLE (Line Drive, 9S) Lorenzo Camacho scores | Batting: RHB Dale Messer | 0-0: Called Strike 0-1: Ball 1-1: Ball 2-1: Ball 3-1: Called Strike 3-2: Strikes out swinging | Bottom of the 6th over - 1 run, 3 hits, 0 errors, 1 left on base; Temiskaming District Secondary School 1 - Indianapolis HS 3 | TOP OF THE 7TH |
---|
Temiskaming District Secondary School Saints batting - Pitching for Indianapolis HS Rifles : RHP Tim Blair | Batting: RHB Louis-Joseph Perrier | 0-0: Foul Ball, location: 2F 0-1: Called Strike 0-2: Foul Ball, location: 2F 0-2: Strikes out swinging | Batting: RHB Scott Roberts | 0-0: Ball 1-0: Ball 2-0: Called Strike 2-1: Ball 3-1: Base on Balls | Pitching: LHP Gary Root | | Batting: LHB Kevin McGee | 0-0: Called Strike 0-1: Ball 1-1: Fly out, F8 (Flyball, 8LS) | Pitching: RHP Victor Kocher | | Batting: RHB Emílio Gómez | 0-0: Ball 1-0: Called Strike 1-1: Ball Scott Roberts is caught stealing 2nd base | Top of the 7th over - 0 runs, 0 hits, 0 errors, 0 left on base; Temiskaming District Secondary School 1 - Indianapolis HS 3 | BOTTOM OF THE 7TH |
---|
Indianapolis HS Rifles batting - Pitching for Temiskaming District Secondary School Saints : LHP Guillermo Silva | Batting: RHB Raymond Young | 0-0: Ball 1-0: Foul Ball, location: 2F 1-1: Swinging Strike 1-2: Ball 2-2: Foul Ball, location: 2F 2-2: SINGLE (Groundball, 6MD) | Batting: RHB Wesley Wood | 0-0: Ball 1-0: Ball 2-0: 2-RUN HOME RUN (Flyball, 7D), Distance : 372 ft | Batting: RHB Paul Webster | 0-0: Called Strike 0-1: Ball 1-1: SINGLE (Line Drive, 3D) | Batting: RHB Fook Hann | 0-0: Called Strike 0-1: Ball 1-1: Foul Ball, location: 2F 1-2: Ball 2-2: Strikes out swinging | Batting: RHB Lorenzo Camacho | 0-0: Ball 1-0: Foul Ball, location: 2F 1-1: SINGLE (Line Drive, 7LS) Paul Webster to second | Batting: LHB Henry Fairchild | 0-0: Ball 1-0: Ball 2-0: Foul Ball, location: 2F 2-1: Ball 3-1: Base on Balls Paul Webster to third Lorenzo Camacho to second | Batting: RHB Juan Valdéz | 0-0: Ball 1-0: Foul Ball, location: 2F 1-1: Swinging Strike 1-2: Grounds into fielders choice 1-2 (Groundball, 13S) Lorenzo Camacho to third Henry Fairchild to second | Batting: RHB Jason Tomlin | 0-0: Called Strike 0-1: Foul Ball, location: 2F 0-2: Ball 1-2: Foul Ball, location: 2F 1-2: Ball 2-2: SINGLE (Groundball, 6M) (infield hit) Lorenzo Camacho scores Henry Fairchild to third Juan Valdéz to second | Batting: RHB Dale Messer | 0-0: Ball 1-0: Called Strike 1-1: Foul Ball, location: 2F 1-2: Ground out 6-3 (Groundball, 6) | Bottom of the 7th over - 3 runs, 5 hits, 0 errors, 3 left on base; Temiskaming District Secondary School 1 - Indianapolis HS 6 | TOP OF THE 8TH |
---|
Temiskaming District Secondary School Saints batting - Pitching for Indianapolis HS Rifles : RHP Victor Kocher | Batting: RHB Emílio Gómez | 0-0: Ball 1-0: Ball 2-0: Ball 3-0: Called Strike 3-1: Base on Balls | Batting: RHB José Icaza | 0-0: Called Strike 0-1: Ball 1-1: Ball 2-1: Ball 3-1: Foul Ball, location: 2F 3-2: Foul Ball, location: 2F 3-2: Foul Ball, location: 2F 3-2: Foul Ball, location: 2F 3-2: Strikes out swinging | Batting: LHB Juan Esparza | 0-0: Hit by Pitch Emílio Gómez to second | Batting: RHB Hilton Knowles | 0-0: Ball 1-0: Ball 2-0: Ball 3-0: Base on Balls Emílio Gómez to third Juan Esparza to second | Batting: LHB Leonardo Torres | 0-0: Ball 1-0: Ball 2-0: Fly out, F9 (Flyball, 9) | Batting: RHB Ramón Cabrera | 0-0: Called Strike 0-1: Ball 1-1: Foul Ball, location: 2F 1-2: Foul Ball, location: 2F 1-2: Ball 2-2: Foul Ball, location: 2F 2-2: Foul Ball, location: 2F 2-2: Foul Ball, location: 2F 2-2: Foul Ball, location: 2F 2-2: SINGLE (Groundball, 6D) Emílio Gómez scores Juan Esparza to third Hilton Knowles to second Runner from 3rd tries for Home, SAFE, no throw | Batting: RHB Louis-Joseph Perrier | 0-0: Ball 1-0: Foul Ball, location: 2F 1-1: Swinging Strike 1-2: Ball 2-2: Ground out 5-3 (Groundball, 56S) | Top of the 8th over - 2 runs, 1 hit, 0 errors, 2 left on base; Temiskaming District Secondary School 3 - Indianapolis HS 6 | BOTTOM OF THE 8TH |
---|
Indianapolis HS Rifles batting - Pitching for Temiskaming District Secondary School Saints : LHP Guillermo Silva | Pitching: LHP Jaime Meléndez | | Batting: RHB Raymond Young | 0-0: Ball | |
---|
| | 1-0: Foul Ball, location: 2F 1-1: Ball 2-1: Ball 3-1: Called Strike 3-2: Fly out, F8 (Flyball, 8LS) | Batting: RHB Wesley Wood | 0-0: Hit by Pitch | Batting: RHB Paul Webster | 0-0: Called Strike 0-1: Called Strike 0-2: SINGLE (Flyball, 9S) Wesley Wood to second Runner from 2nd tries for 3rd, OUT! | Batting: RHB Fook Hann | 0-0: Ball 1-0: Called Strike 1-1: Ball 2-1: Ball 3-1: Ground out 1-3 (Groundball, 13S) | Bottom of the 8th over - 0 runs, 1 hit, 0 errors, 1 left on base; Temiskaming District Secondary School 3 - Indianapolis HS 6 | TOP OF THE 9TH |
---|
Temiskaming District Secondary School Saints batting - Pitching for Indianapolis HS Rifles : LHP Martin Martin | Pitching: LHP Martin Martin | | Batting: RHB Scott Roberts | 0-0: Ball 1-0: Foul Ball, location: 2F 1-1: SOLO HOME RUN (Line Drive, 7D), Distance : 374 ft | Pitching: RHP Ken Stanley | | Batting: LHB Kevin McGee | 0-0: Ball 1-0: Called Strike 1-1: Swinging Strike 1-2: Strikes out swinging | Batting: RHB Emílio Gómez | 0-0: Ground out 5-3 (Groundball, 5) | Batting: RHB José Icaza | 0-0: Ball 1-0: Fly out, F9 (Flyball, 89S) | Top of the 9th over - 1 run, 1 hit, 0 errors, 0 left on base; Temiskaming District Secondary School 4 - Indianapolis HS 6 | | Saturday, December 16th, 2017 - OOTP Baseball 18.8 Build 76 | |